 Dungeon Crawl Stone Soup version 0.30-a0-972-gf3ab3527aa (webtiles) character file.

Game seed: 14351483408357851394

9356 jasper the Scholar (level 11, -4/64 HPs)
             Began as a Deep Elf Conjurer on Mar 31, 2023.
             Was an Elder of Sif Muna.
             Killed from afar by a catoblepas (9 damage)
             ... with a blast of calcifying dust
             ... on level 11 of the Dungeon.
             The game lasted 00:23:08 (14267 turns).

jasper the Scholar (Deep Elf Conjurer)             Turns: 14267, Time: 00:23:08

Health: -4/64      AC: 11    Str: 10    XL:     11   Next: 22%
Magic:  17/27      EV: 16    Int: 28    God:    Sif Muna [****..]
Gold:   613        SH:  5    Dex: 13    Spells: 15/30 levels left

rFire   . . .      SeeInvis .    M - +0 triple crossbow
rCold   . . .      Faith    .    (shield currently unavailable)
rNeg    . . .      Spirit   .    K - +0 steam dragon scales
rPois   .          Reflect  +    (no helmet)
rElec   .          Rampage  .    (no cloak)
rCorr   .                        v - +0 pair of gloves {hurl}
Will    +....                    q - +0 pair of boots
Stlth   ++                       L - amulet of reflection
HPRegen 0.30/turn                O - +4 ring of protection
MPRegen 0.20/turn                E - +6 ring of strength

@: no status effects
A: no striking features
a: Renounce Religion, Channel Magic, Forget Spell, Divine Exegesis


You were on level 11 of the Dungeon.
You worshipped Sif Muna.
Sif Muna was greatly pleased with you.
You visited 1 branch of the dungeon, and saw 12 of its levels.
You also visited: Sewer and Ossuary.

You collected 614 gold pieces.
You spent 1 gold pieces at shops.

Inventory:

Hand Weapons
 f - a +2 spear
 s - a +4 short sword of flaming
 B - a +0 demon whip
 I - the +4 falchion "Rodakox" {freeze, Fly rF+ rCorr}
   (You found it on level 7 of the Dungeon)

   rF:        It protects you from fire.
   Fly:       It grants you flight.
   rCorr:     It protects you from acid and corrosion.
 M - a +0 triple crossbow (weapon)
Missiles
 t - 15 poisoned darts
 y - a throwing net
Armour
 a - a +1 robe
 k - a scarf of harm
 q - a +0 pair of boots (worn)
 v - a +0 pair of gloves of hurling (worn)
 K - +0 steam dragon scales (worn)
Magical Staves
 u - a staff of fire
Jewellery
 A - a ring of see invisible
 E - a +6 ring of strength (right hand)
 L - an amulet of reflection (around neck)
 N - a ring of fire
 O - a +4 ring of protection (left hand)
 P - a +4 ring of protection
Wands
 l - a wand of flame (11)
 J - a wand of mindburst (8)
Scrolls
 g - 4 scrolls of immolation
 w - 3 scrolls of teleportation
 D - a scroll of enchant armour
 F - 3 scrolls of blinking
 G - 6 scrolls of magic mapping
 H - a scroll of amnesia
Potions
 b - 3 potions of magic
 c - 2 potions of brilliance
 d - 3 potions of cancellation
 e - 5 potions of curing
 h - a potion of berserk rage
 i - a potion of ambrosia
 j - 7 potions of attraction
 m - 3 potions of degeneration
 n - 4 potions of might
 o - 3 potions of heal wounds
 p - 8 potions of haste
 r - a potion of resistance {unknown}
 x - 6 potions of flight
 z - 3 potions of lignification {unknown}
 C - 3 potions of mutation {unknown}


   Skills:
 + Level 6.0 Fighting
 + Level 9.3 Dodging
 - Level 2.4 Stealth
 + Level 10.1 Spellcasting
 - Level 8.0 Conjurations
 - Level 4.0 Hexes
 - Level 3.0 Translocations
 * Level 10.5 Invocations


You had 15 spell levels left.
You knew the following spells:

 Your Spells              Type           Power      Damage    Failure   Level
a - Magic Dart            Conj           100%       1d8       1%          1
b - Searing Ray           Conj           100%       2d8       1%          2
c - Fulminant Prism       Conj/Hex       23%        3d12      3%          4
d - Iskenderun's Mystic   Conj/Tloc      44%        2d10      4%          4
e - Mephitic Cloud        Conj/Pois/Air  29%        N/A       4%          3
f - Apportation           Tloc           60%        N/A       1%          1

Your spell library contained the following spells:

 Spells                   Type           Power      Damage    Failure   Level
 Dazzling Flash           Conj/Hex       94%        N/A       1%          3
 Necrotise                Necr           56%        1d6       4%          1
 Summon Small Mammal      Summ           56%        N/A       4%          1
 Call Imp                 Summ           14%        N/A       6%          2
 Ice Form                 Ice/Tmut       14%        N/A       36%         4
 Summon Ice Beast         Ice/Summ       14%        N/A       36%         4
 Summon Mana Viper        Hex/Summ       25%        N/A       43%         5
 Alistair's Intoxication  Tmut/Pois      9%         N/A       73%         5
 Monstrous Menagerie      Summ           7%         N/A       100%        7


Dungeon Overview and Level Annotations

Branches:
Dungeon (12/15)            Temple (0/1) D:5           Sewer (visited)
Ossuary (visited)
   Lair: D:8-11         Orc: D:9-12

Altars:
Ashenzari
Cheibriados
Gozag
Hepliaklqana
Kikubaaqudgha
Makhleb
Sif Muna
Trog
Uskayaw
Wu Jian
Yredelemnul
Zin
The Shining One

Shops:
D:3 :   D:5 *(   D:6 (   D:8 *

Annotations:
D:4 3 runed translucent doors, Shard1697's ghost, novice FoFi
D:5 1 runed translucent door, audacious124's ghost, amateur TeRe


Message History

Fire: M) +0 triple crossbow
Press: ? - help, Q - select action, (/) - cycle Shift-Dir - straight line, f/p - catoblepas
Aim: a catoblepas (lightly wounded, 88% to hit)
You shoot a bolt. The bolt hits the catoblepas!
The catoblepas is moderately wounded.
The catoblepas gores you!! The catoblepas gores you!
You take 28 damage, and have 33/64 hp.
MASSIVE DAMAGE!!
Casting: Iskenderun's Mystic Blast (dangerous; 4% risk of failure)
Confirm with . or Enter, or press ? or * to list all spells.
You erupt in a blast of force!
The mystic blast hits the catoblepas!
The catoblepas is heavily wounded.
The catoblepas is knocked back by the mystic blast.
You now have 20/27 mp.
Fire: M) +0 triple crossbow
Press: ? - help, Q - select action, (/) - cycle Shift-Dir - straight line, f/p - catoblepas
Aim: a catoblepas (heavily wounded, 88% to hit)
You shoot a bolt.
The bolt hits the catoblepas but does no damage.
The catoblepas is heavily wounded.
The catoblepas breathes a plume of calcifying dust at you.
The blast of calcifying dust hits you.
You take 5 damage, and have 29/64 hp.
You block the catoblepas's attack.
Casting: Iskenderun's Mystic Blast (dangerous; 4% risk of failure)
Confirm with . or Enter, or press ? or * to list all spells.
You erupt in a blast of force!
The mystic blast hits the catoblepas but does no damage.
The catoblepas is heavily wounded.
You block the catoblepas's attack.
You now have 17/27 mp.
Fire: M) +0 triple crossbow
Press: ? - help, Q - select action, (/) - cycle Shift-Dir - straight line, f/p - catoblepas
Aim: a catoblepas (heavily wounded, 88% to hit)
You shoot a bolt. The bolt hits the catoblepas.
The catoblepas is heavily wounded.
The catoblepas gores you!!
* * * LOW HITPOINT WARNING * * *
The catoblepas breathes a plume of calcifying dust at you.
The blast of calcifying dust hits you!
You die...

#.# #.# #.#
#.# #†# #.#
###.####.#.
#§§§Y......
###@##...^.
#.# #.#.
#.##.#.#.
#........
#.##.#.#.
#........
###.##.#.#.
#..........
##.........


You could see a catoblepas.

Vanquished Creatures
  A two-headed ogre (D:9)
  A deep elf pyromancer (D:9)
  A gargoyle (D:12)
  A komodo dragon (D:11)
  Maggie (D:7)
  2 trolls
  A hornet (D:11)
  Prince Ribbit (D:7)
  A wyvern (D:7)
  10 yaks
  A steam dragon (D:7)
  3 vampire mosquitoes
  A water moccasin (D:8)
  An acid dragon (D:9)
  2 black bears
  3 ice beasts
  2 sky beasts
  An orc warrior (D:6)
  5 centaurs
  2 ogres
  2 phantoms
  2 bullfrogs (D:8)
  3 gnoll sergeants
  2 kobold brigands
  11 scorpions
  4 wights (D:7)
  8 killer bees
  A howler monkey (D:9)
  3 vampire bats (D:6)
  A centaur zombie (Ossuary)
  3 hounds
  A human zombie (Ossuary)
  An orc priest (D:7)
  3 jellies
  A gnoll bouda (D:6)
  4 iguanas
  2 sleepcaps
  3 orc wizards
  4 scorpion zombies (Ossuary)
  3 mummies (Ossuary)
  16 gnolls
  9 adders
  10 river rats
  A white imp (D:7)
  2 ufetubi
  5 worms
  11 orcs
  10 bats
  8 endoplasms
  9 giant cockroaches
  2 gnoll zombies (Ossuary)
  8 goblins
  12 hobgoblins
  7 jackals
  5 quokkas
  11 ball pythons
  3 frilled lizards
  5 goblin zombies (Ossuary)
  A hobgoblin zombie (Ossuary)
  41 kobolds
  A kobold zombie (Ossuary)
  An orc zombie (Ossuary)
  25 rats
306 creatures vanquished.

Vanquished Creatures (others)
  5 fulminant prisms
  5 fungi (D:11)
  53 plants
63 creatures vanquished.

Grand Total: 369 creatures vanquished

Notes
Turn   | Place    | Note
-------+----------+-------------------------------------------
     0 | D:1      | jasper the Deep Elf Conjurer began the quest for the Orb.
     0 | D:1      | Reached XP level 1. HP: 10/10 MP: 6/6
   229 | D:1      | Reached XP level 2. HP: 15/15 MP: 6/8
   338 | D:1      | Learned a level 2 spell: Searing Ray
   913 | D:2      | Reached XP level 3. HP: 20/20 MP: 6/9
  1165 | D:2      | Reached skill level 5 in Conjurations
  1413 | D:2      | Reached skill level 1 in Fighting
  1604 | D:2      | Reached XP level 4. HP: 25/25 MP: 8/11
  1612 | D:2      | Learned a level 4 spell: Fulminant Prism
  2072 | D:3      | Found a broken altar of Ashenzari.
  2194 | D:3      | Found Waijoinu's Book Emporium.
  2225 | D:3      | Found an ancient bone altar of Kikubaaqudgha.
  2990 | D:4      | Found a runed translucent gate.
  2990 | D:4      | Found a runed translucent gate.
  2990 | D:4      | Found a runed translucent gate.
  2993 | D:4      | Found an opulent altar of Gozag.
  3023 | D:4      | Reached skill level 1 in Hexes
  3142 | D:4      | Found a glowing drain.
  3147 | D:4      | Reached XP level 5. HP: 29/29 MP: 6/12
  3153 | Sewer    | Entered a sewer
  3159 | Sewer    | Learned a level 4 spell: Iskenderun's Mystic Blast
  3590 | Sewer    | Reached skill level 1 in Translocations
  3612 | Sewer    | Reached XP level 6. HP: 10/34 MP: 9/14
  4685 | D:4      | Found a basalt altar of Yredelemnul.
  4686 | D:4      | Found a hazy altar of Hepliaklqana.
  4689 | D:4      | Found a hide-covered altar of Uskayaw.
  4690 | D:4      | Found a glowing silver altar of Zin.
  4690 | D:4      | Found a burning altar of Makhleb.
  4691 | D:4      | Found a glowing golden altar of the Shining One.
  4799 | D:4      | Learned a level 3 spell: Mephitic Cloud
  4876 | D:4      | Found a shimmering blue altar of Sif Muna.
  4896 | D:4      | Became a worshipper of Sif Muna the Loreminder
  5051 | D:4      | Found the +3 Mad Mage's Maulers {Infuse+∞ VampMP -Cast}
  5106 | D:4      | Noticed Shard1697's ghost (novice FoFi)
  5207 | D:4      | Reached XP level 7. HP: 40/40 MP: 9/15
  5741 | D:4      | Reached * piety under Sif Muna
  6355 | D:5      | Entered Level 5 of the Dungeon
  6355 | D:5      | Found Plog's Antique Weapon Emporium.
  6581 | D:5      | Found a sand-covered staircase.
  6591 | Ossuary  | Entered an ossuary
  6788 | Ossuary  | Reached skill level 1 in Invocations
  6788 | Ossuary  | Reached XP level 8. HP: 44/44 MP: 12/17
  6888 | Ossuary  | Reached skill level 5 in Spellcasting
  7207 | Ossuary  | Reached ** piety under Sif Muna
  7273 | Ossuary  | Reached skill level 5 in Dodging
  7743 | D:5      | Found Katokkaq's Fire Supplies.
  7771 | D:5      | Found a staircase to the Ecumenical Temple.
  7895 | D:5      | Found a runed translucent door.
  7898 | D:5      | Noticed audacious124's ghost (amateur TeRe)
  7935 | D:5      | Found an ornate altar of the Wu Jian Council.
  8106 | D:5      | Found an opulent altar of Gozag.
  8669 | D:6      | Reached skill level 5 in Invocations
  8717 | D:6      | Reached XP level 9. HP: 41/51 MP: 14/20
  8876 | D:6      | Found Zyokkaq's Hydra Hut.
  8878 | D:6      | Noticed a seven-headed hydra
  8997 | D:6      | Found a bloodstained altar of Trog.
  9061 | D:6      | Learned a level 1 spell: Apportation
  9451 | D:6      | Reached *** piety under Sif Muna
  9819 | D:6      | Got Vougov's Reference Book on Evolution
 10207 | D:7      | Noticed Maggie
 10441 | D:7      | Identified the +4 falchion "Rodakox" {freeze, Fly rF+
                  | rCorr}
 10769 | D:7      | Noticed Prince Ribbit
 10781 | D:7      | Killed Prince Ribbit
 10998 | D:7      | Killed Maggie
 10999 | D:7      | Reached XP level 10. HP: 12/58 MP: 6/24
 11361 | D:8      | Found Devem's Lightly-Used Armoury.
 11376 | D:8      | Bought a -3 triple crossbow for 1 gold piece
 11929 | D:8      | Found a snail-covered altar of Cheibriados.
 12449 | D:9      | Noticed a deep elf pyromancer
 12453 | D:9      | Killed a deep elf pyromancer
 12454 | D:9      | Reached skill level 5 in Fighting
 12956 | D:9      | Noticed a two-headed ogre
 12963 | D:9      | Killed a two-headed ogre
 13167 | D:9      | Noticed a green ugly thing
 13168 | D:9      | Noticed a cyclops
 13195 | D:10     | Entered Level 10 of the Dungeon
 13341 | D:10     | Reached **** piety under Sif Muna
 13353 | D:10     | Reached skill level 10 in Invocations
 13354 | D:10     | Reached XP level 11. HP: 42/64 MP: 1/26
 13659 | D:10     | You fall into a shaft and drop 2 floors!
 13949 | D:11     | Noticed a catoblepas
 14137 | D:11     | Reached skill level 10 in Spellcasting
 14267 | D:11     | Killed from afar by a catoblepas

Illustrated notes

Levels and vault maps discovered:
D:1:      dpeg_arrival_arbitrary_a, layout_rooms
D:2:      layout_loops_corners
D:3:      layout_loops_ring, mainiacjoe_overflow_chevrons,
          ashenzari_conservatory_becter, serial_shops, shop
D:4:      kennysheep_kobold_camp, layout_loops_corners, lemuel_tele_altar,
          grunt_temple_overflow_open, ebering_ghost_gozag,
          lightli_sewer_entry_pipes, kennysheep_nub
D:5:      layout_rooms, nzn_wu_jian_contemplation, mainiacjoe_overflow_24_doors,
          minmay_temple_entry_mist, ebering_ghost_reflecting_pool, serial_shops,
          shop_statue, nicolae_ossuary_entry_monument, nicolae_shop_fire_sale
          [nicolae_sub_dead_trees]
D:6:      layout_basic, trog_three_pillars_becter, grunt_decor_one_mirror,
          roderic_batcave, doesnt_shop_hydraphobe
D:7:      layout_loops_cross, uniq_maggie, uniq_prince_ribbit1
D:8:      layout_basic, slow_altar_2, minmay_shop_damaged
D:9:      minmay_chambers_of_sixes, layout_layer_cave
D:10:     layout_long_grid, serial_shops, nicolae_take_the_stairs,
          enter_trove_5, uniq_joseph
D:11:     layout_basic, grunt_lair_entry_orc_guard_hut
D:12:     layout_loops_ring, orc_0_dummy, serial_shops, shop,
          nicolae_shop_gadgets

Skill      XL: |  1  2  3  4  5  6  7  8  9 10 11 |
---------------+----------------------------------+-----
Dodging        | 3 4 6 7 8 9 |  9.3
Conjurations   | 5 6 8 |  8.0
Fighting       | 1 2 3 4 5 6 |  6.0
Hexes          | 1 2 4 |  4.0
Spellcasting   | 4 6 8 9 10 | 10.1
Translocations | 1 2 3 |  3.0
Invocations    | 1 5 7 10 | 10.5
Stealth        | |  2.4

Action                     |  1- 3 |  4- 6 |  7- 9 | 10-12 || total
---------------------------+-------+-------+-------+-------++-------
  Melee: Spear             |       |     8 |     7 |       ||    15
         Short sword       |       |       |    41 |       ||    41
         Punch             |       |       |     1 |       ||     1
         Falchion          |       |       |     8 |     3 ||    11
   Fire: Triple crossbow   |       |       |       |    67 ||    67
   Cast: Magic Dart        |    69 |   171 |   122 |     2 ||   364
         Searing Ray       |     1 |    16 |    60 |     9 ||    86
         Fulminant Prism   |       |     1 |     4 |       ||     5
         Iskenderun's Myst |       |       |    11 |    45 ||    56
         Mephitic Cloud    |       |       |     2 |       ||     2
 Invoke: Channel Magic     |       |       |     1 |       ||     1
    Use: Scroll            |     4 |     9 |     7 |     6 ||    26
         Potion            |       |     1 |       |     1 ||     2
 Armour: Robe              |     1 |     2 |    35 |       ||    38
         Steam dragon scal |       |       |       |    20 ||    20
  Dodge: Dodged            |     4 |    25 |   104 |    61 ||   194
  Block: Other             |       |       |       |    22 ||    22
         Reflection        |       |       |       |     3 ||     3

Table legend: (Time is in decaauts)
 A = Elapsed time spent in this place.
 B = Non-inter-level travel time spent in this place.
 C = Inter-level travel time spent in this place.
 D = Time resting spent in this place.
 E = Time spent auto-exploring this place.
 F = Levels seen in this place.
 G = Mean time per level.
                   A        B        C        D        E       F      G
               +--------+--------+--------+--------+--------+-----+--------+
         Total |  14405 |  14115 |    290 |    265 |  12056 |  14 | 1028.9 |
       Dungeon |  11917 |  11627 |    290 |    165 |  10098 |  12 |  993.1 |
         Sewer |   1368 |   1368 |      0 |      0 |   1175 |   1 | 1368.0 |
       Ossuary |   1119 |   1119 |      0 |    100 |    783 |   1 | 1119.0 |
               +--------+--------+--------+--------+--------+-----+--------+

Top non-repeatable levels by time:
     D:4: 2066 daAuts
     D:6: 1635 daAuts
   Sewer: 1368 daAuts
     D:7: 1296 daAuts
     D:9: 1219 daAuts
     D:2: 1174 daAuts
 Ossuary: 1119 daAuts
     D:3: 956 daAuts
     D:1: 847 daAuts
     D:8: 842 daAuts
     D:5: 760 daAuts
    D:12: 491 daAuts
    D:10: 482 daAuts
    D:11: 144 daAuts
